 Dungeon Crawl Stone Soup version 0.21.1-1-g345015f (webtiles) character file.

135 prawnwizard the Insei (level 5, 0/33 HPs)
             Began as an Octopode Transmuter on July 9, 2018.
             Was an Initiate of Elyvilon.
             Slain by Ijyb (1 damage)
             ... on level 4 of the Dungeon.
             The game lasted 00:05:26 (3831 turns).

prawnwizard the Insei (Octopode Transmuter)         Turns: 3831, Time: 00:05:27

Health: 0/33       AC:  1    Str: 10    XL:     5   Next: 18%
Magic:  8/9        EV: 13    Int: 15    God:    Elyvilon [......]
Gold:   118        SH:  0    Dex: 13    Spells: 4/10 levels left

rFire    . . .     SeeInvis .     - Unarmed
rCold    . . .     Gourm    .   (no shield)
rNeg     . . .     Faith    .   (helmet restricted)
rPois    .         Spirit   .   (no amulet)
rElec    .         Reflect  .   (no ring)
rCorr    .         Harm     .   (no ring)
MR       .....                  (no ring)
Stlth    ++........             (no ring)
HPRegen  0.11/turn              (no ring)
MPRegen  0.11/turn              (no ring)
                                (no ring)
                                (no ring)

@: lethally poisoned (0 -> -9), appendage
A: almost no armour, stealthy swim, amphibious, 8 rings, constrict 8, tentacle
spike 3, camouflage 1, gelatinous body 1
a: End Transformation, Renounce Religion


You were on level 4 of the Dungeon.
You worshipped Elyvilon.
Elyvilon was noncommittal.
You were not hungry.
One of your tentacles had a temporary spike.
You visited 1 branch of the dungeon, and saw 4 of its levels.

You collected 118 gold pieces.

Inventory:

Missiles
 a - 56 arrows
Wands
 o - a wand of enslavement (24)
Scrolls
 e - 5 scrolls of identify {unknown}
 f - a scroll of immolation {unknown}
 h - a scroll of enchant weapon {unknown}
 j - 2 scrolls of fog {unknown}
 k - a scroll of remove curse {unknown}
 m - a scroll of noise {unknown}
 n - a scroll of blinking {unknown}
Potions
 d - a potion of flight {unknown}
 g - a potion of lignification {unknown}
 i - a potion of brilliance {unknown}
 l - a potion of curing {unknown}
 p - a potion of magic {unknown}
 q - a potion of degeneration {unknown}
 s - a potion of haste {unknown}
Books
 b - a book of Changes

   Spells                             Type                      Level
   a - Beastly Appendage              Transmutation                1
   b - Sticks to Snakes               Transmutation                2
   c - Spider Form                    Transmutation/Poison         3
   d - Ice Form                       Ice/Transmutation            4
   e - Blade Hands                    Transmutation                5
Comestibles
 c - 3 rations
 r - 3 chunks of flesh


   Skills:
 - Level 1.0 Fighting
 - Level 2.0 Dodging
 + Level 4.1 Unarmed Combat
 + Level 3.1 Spellcasting
 + Level 3.2 Transmutations


You had 4 spell levels left.
You knew the following spells:

 Your Spells              Type           Power        Failure   Level  Hunger
a - Beastly Appendage     Tmut           ##....       5%          1    #......
b - Sticks to Snakes      Tmut           ##......     8%          2    ##.....
c - Spider Form           Tmut/Pois      #.........   30%         3    ###....


Dungeon Overview and Level Annotations

Branches:
Dungeon (4/15)
 Temple: D:4-7

Altars:
Elyvilon
Makhleb
Sif Muna

Annotations:
D:4 Ijyb


Innate Abilities, Weirdness & Mutations

You cannot wear most types of armour.
You are very stealthy in the water. (Stealth+)
You are amphibious.
You can wear up to eight rings at the same time.
You can use your tentacles to constrict eight enemies at once.
Your skin changes colour to match your surroundings (Stealth+).
Your rubbery body absorbs attacks. (AC +1, EV +1)
One of your tentacles bears a large vicious spike.


Message History

The worker ant bites you.
You barely miss the worker ant.
You pierce the worker ant, but do no damage.
You squeeze the worker ant.
The worker ant is severely wounded.
You constrict the worker ant.
You feel sick. The worker ant bites you.
* * * LOW HITPOINT WARNING * * *
You are more poisoned.
The worker ant poisons you! Ijyb hits you.
* * * LOW HITPOINT WARNING * * *
You tentacle-slap the worker ant but do no damage.
You squeeze the worker ant.
The worker ant is almost dead.
You constrict the worker ant.
You kill the worker ant!
You have reached level 5!
You feel stronger.
* * * LOW HITPOINT WARNING * * *
You feel sick. Ijyb hits you.
You die...

#.###.#
#.# #.#
### #.##
###..#
###....#
#.#.#..#
#.....#
#._..#
#..@.#
###†g#
#..#
#.#.'#.#.
#........
#[.......
#........
#........
#........


You could see Ijyb.

Vanquished Creatures
  A worker ant (D:4)
  6 adders
  A worm (D:2)
  2 dart slugs
  A leopard gecko (D:1)
  3 orcs
  5 bats
  A giant cockroach (D:1)
  5 goblins
  6 hobgoblins
  3 jackals (D:3)
  4 kobolds
  A quokka (D:2)
  A frilled lizard (D:3)
  10 rats
50 creatures vanquished.

Notes
Turn   | Place    | Note
-------+----------+-------------------------------------------
     0 | D:1      | prawnwizard the Octopode Transmuter began the quest for the Orb.
     0 | D:1      | Reached XP level 1. HP: 13/13 MP: 3/3
    86 | D:1      | Reached XP level 2. HP: 7/18 MP: 5/5
   890 | D:2      | Reached XP level 3. HP: 14/23 MP: 6/6
  1838 | D:2      | Found a deep blue altar of Sif Muna.
  2057 | D:3      | Reached XP level 4. HP: 4/28 MP: 5/8
  2897 | D:3      | Learned a level 2 spell: Sticks to Snakes
  2901 | D:3      | Learned a level 3 spell: Spider Form
  3154 | D:3      | Reached skill level 4 in Unarmed Combat
  3574 | D:3      | Found a white marble altar of Elyvilon.
  3596 | D:3      | Became a worshipper of Elyvilon the Healer
  3804 | D:4      | Found a burning altar of Makhleb.
  3818 | D:4      | Noticed Ijyb
  3831 | D:4      | Reached XP level 5. HP: 2/33 MP: 7/9
  3831 | D:4      | HP: 1/33 [poisoned by a worker ant]
  3831 | D:4      | Slain by Ijyb

Skill      XL: |  1  2  3  4 |
---------------+-------------+-----
Unarmed Combat | 4 |  4.1
Transmutations | 3 |  3.2
Spellcasting   | 3 |  3.1
Fighting       | |  1.0
Dodging        | |  2.0

Action                   |  1- 3 |  4- 6 || total
-------------------------+-------+-------++-------
Melee: Unarmed           |    67 |    51 ||   118
       Constrict         |    23 |    16 ||    39
       Tentacles         |    14 |     8 ||    22
       Kick              |     7 |     4 ||    11
       Punch             |     1 |     1 ||     2
 Cast: Beastly Appendage |     6 |     3 ||     9
 Stab: Sleeping          |     9 |     2 ||    11
  Eat: Chunk             |     3 |     3 ||     6
       Ration            |       |     1 ||     1
Armor: Skin              |     5 |     3 ||     8
Dodge: Dodged            |    38 |    25 ||    63
